 Dungeon Crawl Stone Soup version 0.25-a0-516-g7d600cd9ad (webtiles) character file.

Game seed: 12162610600745998065, levelgen mode: deterministic

16 ReteAZ the Sneak (level 2, 20/20 HPs)
             Began as a Gnoll Wanderer on Feb 17, 2020.
             Quit the game on level 1 of the Dungeon.
             The game lasted 00:01:15 (1368 turns).

ReteAZ the Sneak (Gnoll Wanderer)                   Turns: 1368, Time: 00:01:15

Health: 20/20      AC:  3    Str: 18    XL:     2   Next: 54%
Magic:  5/5        EV: 11    Int: 13    God:
Gold:   45         SH:  0    Dex: 11    Spells: 5/6 levels left

rFire    . . .     SeeInvis .   j - +0 dagger
rCold    . . .     Gourm    .   (no shield)
rNeg     . . .     Faith    .   h - +0 leather armour
rPois    .         Spirit   .   (no helmet)
rElec    .         Reflect  .   (no cloak)
rCorr    .         Harm     .   (no gloves)
MR       .....                  (no boots)
Stlth    ++........             (no amulet)
HPRegen  0.06/turn              (no ring)
MPRegen  0.09/turn              (no ring)

@: no status effects
A: distributed training, fangs 1, strong nose
a: no special abilities


You were on level 1 of the Dungeon.
You were not hungry.

You visited 1 branch of the dungeon, and saw 1 of its levels.

You collected 45 gold pieces.

Inventory:

Hand Weapons
 a - a +0 club
 f - a +0 dagger
 j - a +0 dagger (weapon)
Missiles
 p - 21 poisoned darts (quivered)
Armour
 d - a +0 robe
 h - a +0 leather armour (worn)
Wands
 c - a wand of random effects (15)
Scrolls
 e - 3 scrolls of teleportation {unknown}
 k - a scroll of identify {unknown}
 o - a scroll of fog {unknown}
Potions
 b - 3 potions of curing
 i - a potion of flight {unknown}
 l - 2 potions of haste {unknown}
 m - a potion of heal wounds {unknown}
 q - a potion of might {unknown}
Comestibles
 g - 2 rations
 n - 2 chunks of flesh


   Skills:
 + Level 0.4 Fighting
 + Level 0.4 Short Blades
 + Level 0.4 Long Blades
 + Level 0.4 Axes
 + Level 0.4 Maces & Flails
 + Level 0.4 Polearms
 + Level 2.5 Staves
 + Level 0.4 Slings
 + Level 0.4 Bows
 + Level 0.4 Crossbows
 + Level 2.5 Throwing
 + Level 0.4 Armour
 + Level 0.4 Dodging
 + Level 4.1 Stealth
 + Level 0.4 Shields
 + Level 0.4 Unarmed Combat
 + Level 2.7 Spellcasting
 + Level 0.2 Conjurations
 + Level 0.2 Hexes
 + Level 0.2 Charms
 + Level 0.2 Summonings
 + Level 0.2 Necromancy
 + Level 0.2 Translocations
 + Level 0.2 Transmutations
 + Level 0.2 Fire Magic
 + Level 0.2 Ice Magic
 + Level 3.7 Air Magic
 + Level 0.2 Earth Magic
 + Level 3.7 Poison Magic
 + Level 0.5 Invocations
 + Level 2.5 Evocations


You had 5 spell levels left.
You knew the following spells:

 Your Spells              Type           Power        Failure   Level  Hunger
a - Sting                 Tmut/Pois      #...         12%         1    #......

Your spell library contained the following spells:

 Spells                   Type           Power        Failure   Level  Hunger
 Poisonous Vapours        Pois/Air       ##....       10%         2    ###....
 Mephitic Cloud           Conj/Pois/Air  #.......     28%         3    ###....
 Ignite Poison            Fire/Tmut/Pois #.......     43%         3    ###....
 Olgreb's Toxic Radiance  Pois           ##......     52%         4    #####..


Dungeon Overview and Level Annotations

Branches:
Dungeon (1/15)

Altars:


Innate Abilities, Weirdness & Mutations

Your experience applies equally to all skills.
You have very sharp teeth.
Your uncanny sense of smell can sniff out nearby items.


Message History

You butcher the rat corpse.
n - 2 chunks of flesh (gained 1)
You see here a rat skeleton. x2
There is an open door here.
As you open the door, it creaks loudly!
A rat comes into view.
A rat is nearby!
A rat is nearby!
You closely miss the rat. The rat closely misses you.
You hit the rat.
You kill the rat!
No target in view!
No target in view!
No target in view!
No target in view!
No target in view!
No target in view!
No target in view!
No target in view!
Are you sure you want to abandon this character and quit the game? (Confirm with "yes".)

#.#.#.####.#.#.# ##
#.#.#........#.# #
###.#.######.###.# ##
#...#.#..........# #.
##########.#.#...####.....#
#.
........##..........#.....#
#.
..).....##.#####....+.....#
#. ........##.+
#.'....#.....######.
....÷...+..#
###@........###...).
........#..+ #÷'......#..#
#..... ........##.#
###.#'#.>#..# #.....
......÷.##.+∆
+.#.#..#..###.....
...........#
#.#.#..#...)......
#########..+
+.#.#..#.####..... #..#
#.#.#..#.# #..... #..+∆
+)#.#..#.# #.....
##.#####.#.#..#.# ######


There were no monsters in sight!

Vanquished Creatures
  A dart slug (D:1)
  A leopard gecko (D:1)
  2 bats (D:1)
  A hobgoblin (D:1)
  A goblin (D:1)
  3 kobolds (D:1)
  7 rats (D:1)
16 creatures vanquished.

Notes
Turn   | Place    | Note
-------+----------+-------------------------------------------
     0 | D:1      | ReteAZ the Gnoll Wanderer began the quest for the Orb.
     0 | D:1      | ReteAZ set off with the following items: a +0 club, a
                  | potion of curing, a wand of random effects (15), a +0 robe,
                  | a +0 dagger, a ration; and the following spell memorised:
                  | Sting; and the following spells available to memorise:
                  | Poisonous Vapours, Mephitic Cloud, Ignite Poison, Olgreb's
                  | Toxic Radiance
     0 | D:1      | Reached XP level 1. HP: 13/13 MP: 4/4
   849 | D:1      | Reached XP level 2. HP: 19/19 MP: 5/5
  1368 | D:1      | Quit the game

Levels and vault maps discovered:
D:1:      wheals_arrival_linesprint, layout_basic, minmay_rat_gold_closets

Action                   || total
-------------------------++-------
Melee: Club              ||     7
       Dagger            ||    23
       Bite              ||     1
 Cast: Sting             ||    10
 Stab: Sleeping          ||     4
  Eat: Chunk             ||     2
Armor: Robe              ||     1
       Leather armour    ||     7
Dodge: Dodged            ||    20

Table legend:
 A = Non-vault XP
 B = Vault XP
 C = Vault XP percentage of total XP
 D = Non-vault monster count
 E = Vault monster count
 F = Vault count percentage of total count
                 A         B        C        D         E       F
            +---------+---------+-------+---------+---------+-------
      Total |      21 |       2 |   8.7 |      14 |       2 |  12.5
            +---------+---------+-------+---------+---------+-------
        D:1 |      21 |       2 |   8.7 |      14 |       2 |  12.5
            +---------+---------+-------+---------+---------+-------
